 Dungeon Crawl Stone Soup version 0.28-a0-511-gcc94558de3 (webtiles) character file.

Game seed: 4819756174175287484

10 pascalblue the Digger (level 2, -5/15 HPs)
             Began as a Deep Elf Earth Elementalist on Sept 21, 2021.
             Slain by Terence (8 damage)
             ... on level 2 of the Dungeon.
             The game lasted 00:01:42 (798 turns).

pascalblue the Digger (Deep Elf Earth Elementalist)  Turns: 798, Time: 00:01:43

Health: -5/15      AC:  2    Str: 11    XL:     2   Next: 10%
Magic:  6/8        EV: 12    Int: 19    God:
Gold:   18         SH:  0    Dex: 15    Spells: 6/7 levels left

rFire   . . .      SeeInvis .   e - +0 dagger (freeze)
rCold   . . .      Faith    .   (no shield)
rNeg    . . .      Spirit   .   b - +0 robe
rPois   .          Reflect  .   (no helmet)
rElec   .          Harm     .   (no cloak)
rCorr   .          Rampage  .   (no gloves)
Will    .....                   (no boots)
Stlth   ++........              (no amulet)
HPRegen 0.05/turn               a - +6 ring of strength
MPRegen 0.11/turn               (no ring)

@: no status effects
A: no striking features
a: no special abilities


You were on level 2 of the Dungeon.
You visited 1 branch of the dungeon, and saw 2 of its levels.

You collected 18 gold pieces.

Inventory:

Hand Weapons
 d - a +0 short sword
 e - a +0 dagger of freezing (weapon)
Missiles
 c - 28 stones
Armour
 b - a +0 robe (worn)
Jewellery
 a - a +6 ring of strength (left hand)
Scrolls
 f - a scroll of identify
 g - a scroll of fog {unknown}


   Skills:
 - Level 2.4 Dodging
 - Level 2.4 Stealth
 + Level 3.3 Spellcasting
 - Level 1.1 Transmutations
 * Level 3.8 Earth Magic


You had 6 spell levels left.
You knew the following spells:

 Your Spells              Type           Power      Damage    Failure   Level
a - Sandblast             Erth           34%        2d9       3%          1

Your spell library contained the following spells:

 Spells                   Type           Power      Damage    Failure   Level
 Passwall                 Tmut/Erth      10%        N/A       9%          2
 Animate Skeleton         Necr           6%         N/A       14%         1
 Apportation              Tloc           6%         N/A       14%         1
 Summon Small Mammal      Summ           12%        N/A       14%         1
 Stone Arrow              Conj/Erth      20%        3d8       21%         3
 Petrify                  Tmut/Erth      12%        N/A       47%         4


Dungeon Overview and Level Annotations

Branches:
Dungeon (1/15)

Altars:

Annotations:
D:2 Terence


Message History

Found 11 gold pieces.
g - a scroll labelled ZOTZUETIWET Terence the Incautious comes into view.
He is wielding a +0 falchion.
Terence shouts!
You aren't carrying any potions.
Terence closely misses you.
You hit Terence but do no damage. Terence barely misses you.
You hit Terence but do no damage.
A worm comes into view.
Terence hits you with a +0 falchion.
You closely miss Terence. Terence hits you with a +0 falchion.
You hit Terence but do no damage. Terence barely misses you.
You hit Terence. You freeze Terence.
Terence is lightly wounded.
Terence hits you with a +0 falchion.
* * * LOW HITPOINT WARNING * * *
You hit Terence but do no damage.
Terence is lightly wounded.
Terence barely misses you.
You closely miss Terence.
Terence is lightly wounded.
Terence misses you.
Casting: Sandblast (safe; 3% risk of failure)
Confirm with . or Enter, or press ? or * to list all spells.
Aiming: Sandblast (safe; 3% risk of failure)
Press: ? - help, Shift-Dir - straight line, f - Terence
Aim: Terence, wielding a +0 falchion and wearing a +0 scale mail (lightly wounded, 82% to hit)
The blast of sand hits Terence but does no damage.
Terence is lightly wounded.
Terence closely misses you.
Casting: Sandblast (safe; 3% risk of failure)
Confirm with . or Enter, or press ? or * to list all spells.
Aiming: Sandblast (safe; 3% risk of failure)
Press: ? - help, Shift-Dir - straight line, f/p - Terence
Aim: Terence, wielding a +0 falchion and wearing a +0 scale mail (lightly wounded, 82% to hit)
The blast of sand hits Terence!
Terence is heavily wounded.
Terence hits you with a +0 falchion!
Ouch! That really hurt!
You die...

#. ##.### ......
#.....#.....#### #
...............#####...
......[........$.......
..............#....#
...............###.#...
...............@@.w....
..!...........#..#.....
........†.....##.# ...
.............## ..# .
#.....#.....## #..#
............# #...
...####.....# ... ..
#....... #### .
#.....#..


You could see Terence and a worm.

Vanquished Creatures
  A giant cockroach (D:1)
  2 goblins (D:1)
  A hobgoblin (D:1)
  2 frilled lizards (D:2)
  3 kobolds (D:1)
  A rat (D:1)
10 creatures vanquished.

Notes
Turn   | Place    | Note
-------+----------+-------------------------------------------
     0 | D:1      | pascalblue the Deep Elf Earth Elementalist began the quest
                  | for the Orb.
     0 | D:1      | Reached XP level 1. HP: 10/10 MP: 6/6
   729 | D:1      | Reached XP level 2. HP: 13/15 MP: 8/8
   773 | D:1      | You fall into a shaft and drop 1 floor!
   785 | D:2      | Noticed Terence
   798 | D:2      | Slain by Terence

Illustrated notes

Levels and vault maps discovered:
D:1:      doesnt_arrival_eight_statues, layout_loops_ring, minmay_distorted
D:2:      layout_rooms, chequers_serial_rivers_micro_a, uniq_terence,
          uniq_sigmund, uniq_jessica

Action                   || total
-------------------------++-------
Melee: Dagger            ||    38
       Short sword       ||     4
       Unarmed           ||     1
 Cast: Sandblast         ||     4
  Use: Scroll            ||     1
 Stab: Sleeping          ||     2
Armor: Robe              ||     8
Dodge: Dodged            ||    25

Table legend: (Time is in decaauts)
 A = Elapsed time spent in this place.
 B = Non-inter-level travel time spent in this place.
 C = Inter-level travel time spent in this place.
 D = Time resting spent in this place.
 E = Time spent auto-exploring this place.
 F = Levels seen in this place.
 G = Mean time per level.
                   A        B        C        D        E       F      G
               +--------+--------+--------+--------+--------+-----+--------+
         Total |    796 |    796 |      0 |      0 |    675 |   2 |  398.0 |
       Dungeon |    796 |    796 |      0 |      0 |    675 |   2 |  398.0 |
               +--------+--------+--------+--------+--------+-----+--------+

Top non-repeatable levels by time:
     D:1: 771 daAuts
     D:2: 24 daAuts
